 Dungeon Crawl Stone Soup version 0.20-a0-1116-gaa52201 (webtiles) character file.

70 FastMan the Skirmisher (level 4, 0/29 HPs)
             Began as a Gargoyle Berserker on May 8, 2017.
             Was a Believer of Trog.
             Killed from afar by a white imp (4 damage)
             ... with a puff of frost
             ... summoned by MudFish's ghost
             ... on level 3 of the Dungeon.
             The game lasted 00:01:38 (2194 turns).

FastMan the Skirmisher (Gargoyle Berserker)         Turns: 2194, Time: 00:01:38

Health: 0/29       AC:  5    Str: 21    XL:     4   Next: 22%
Magic:  4/4        EV: 12    Int:  8    God:    Trog [**....]
Gold:   79         SH:  0    Dex:  9    Spells: 3/3 levels left

rFire    . . .     SeeInvis .   a - +0 hand axe
rCold    . . .     Gourm    .   (no shield)
rNeg     + . .     Faith    .   b - +0 animal skin
rPois    ∞         Spirit   .   (no helmet)
rElec    +         Reflect  .   (no cloak)
rCorr    .         Harm     .   (no gloves)
MR       .....                  (no boots)
Stlth    +.........             (no amulet)
Regen    0.1/turn               (no ring)
MPRegen  0.1/turn               (no ring)

@: no status effects
A: negative energy resistance 1, electricity resistance, unbreathing,
petrification resistance, rot immunity, AC +3
a: Berserk, Trog's Hand, Burn Spellbooks, Renounce Religion


You were on level 3 of the Dungeon.
You worshipped Trog.
Trog was pleased with you.
You were very hungry.

You visited 1 branch of the dungeon, and saw 3 of its levels.

You collected 79 gold pieces.

Inventory:

Hand Weapons
 a - a +0 hand axe (weapon)
Armour
 b - a +0 animal skin (worn)
Jewellery
 i - a +3 ring of strength {unknown}
 j - an uncursed amulet of regeneration {unknown}
 q - an uncursed ring of stealth {unknown}
Scrolls
 d - a scroll of enchant weapon {unknown}
 f - a scroll of remove curse {@r2}
 g - 5 scrolls of identify {unknown}
 k - a scroll of recharging {unknown}
 m - a scroll of magic mapping {unknown}
 p - a scroll of random uselessness {unknown}
Potions
 s - a potion of might {unknown}
Comestibles
 c - 2 bread rations {@e1}
 n - a royal jelly {@e3}
 r - a chunk of flesh


   Skills:
 + Level 4.0 Fighting
 * Level 4.0 Axes
 - Level 2.1 Armour
 - Level 1.5 Dodging


You had 3 spell levels left.
You didn't know any spells.

Dungeon Overview and Level Annotations

Branches:
Dungeon (3/15)

Altars:

Annotations:
D:3 MudFish's ghost, amateur DsWz


Innate Abilities, Weirdness & Mutations

You are resistant to torment.
Your stone body is resilient. (AC +3)
You are immune to poison.
You resist negative energy. (rN+)
You are resistant to electric shocks. (rElec)
You can survive without breathing.
You are immune to petrification.
You are immune to rotting.


Message History

Eat a chunk of flesh? (ye/n/q)
Okay, then.
It was a potion of haste.
You feel yourself speed up. The white imp gestures at you.
The puff of frost misses you. The white imp misses you.
Unknown command.
It was a potion of cancellation.
Your magical effects are unravelling.
You feel magically purged.
You feel yourself speed up.
You feel yourself slow down.
Your resistance to elements expires.
The white imp barely misses you. MudFish's ghost hits you.
* * * LOW HITPOINT WARNING * * *
Unknown command.
You barely miss MudFish's ghost.
MudFish's ghost is lightly damaged.
You hit the white imp but do no damage. The white imp gestures at you.
The puff of frost hits you!
You die...

. #. ### #.
#.#..#
.##.#..#
...#..# #
#..#..#.#
#..#..#.#
###..#....#
#.#.....#
#..@...##
..#..5W5..#
#......$#.###
#####.......#
......#.#.#.#
#.#
####..#.#.#.#
#.####
........# # #
#....
###.....#.#
#...
####.#.....#
#


You could see MudFish's ghost and 2 white imps.

Vanquished Creatures
  An adder (D:2)
  A worm (D:3)
  3 dart slugs
  2 leopard geckos (D:2)
  6 bats
  3 giant cockroaches
  7 goblins
  8 hobgoblins
  6 kobolds
  A quokka (D:2)
  A ball python (D:2)
  3 frilled lizards
  4 rats
46 creatures vanquished.

Notes
Turn   | Place    | Note
-------+----------+-------------------------------------------
     0 | D:1      | FastMan the Gargoyle Berserker began the quest for the Orb.
     0 | D:1      | Reached XP level 1. HP: 14/14 MP: 1/1
   150 | D:1      | Reached XP level 2. HP: 19/19 MP: 2/2
   749 | D:1      | Reached XP level 3. HP: 24/24 MP: 3/3
  1029 | D:2      | Reached ** piety under Trog
  1639 | D:2      | Reached XP level 4. HP: 22/29 MP: 4/4
  2174 | D:3      | Noticed MudFish's ghost (amateur DsWz)
  2188 | D:3      | HP: 1/29 [white imp/puff of frost[MudFish's ghost] (7)]
  2194 | D:3      | Killed from afar by a white imp

Vault maps used:
D:1:      lemuel_arrival_broad_hall
D:2:      first_bread

Skill      XL: |  1  2  3  4 |
---------------+-------------+-----
Axes           | 3 4 |  4.0
Fighting       | 4 |  4.0
Armour         | |  2.1
Dodging        | |  1.5

Action                   |  1- 3 |  4- 6 || total
-------------------------+-------+-------++-------
Melee: Hand axe          |   140 |    27 ||   167
Invok: Berserk           |     4 |     1 ||     5
  Use: Potion            |       |     4 ||     4
       Scroll            |       |     1 ||     1
 Stab: Sleeping          |     3 |       ||     3
  Eat: Chunk             |     5 |     3 ||     8
Armor: Animal skin       |    50 |    10 ||    60
Dodge: Dodged            |    98 |    16 ||   114
